Cogmind - Beta 16 --- EXPLORER MODE // 2026.01.19 @ 10:21:15 Player: K.K.Y. Result: Destroyed by Piercing Trap Performance ------------- Evolutions (0) 0 Regions Visited (3) 600 Robots Destroyed (40) 200 Value Destroyed (1100) 1100 Prototype IDs (12) 240 Alien Tech Used (0) 0 Bonus (-118) -118 TOTAL SCORE: 2022 Bonus ------- Friendly Fire -118 Cogmind --------- Core Integrity 0/250 Matter 246/300 Energy 146/150 System Corruption 0% Temperature Cool (2) Movement Treading (160) Location -10/Subcaves Parts ------- > --- POWER (1) -------- Light Angular Momentum Engine > --- PROPULSION (2) --- Spiked Treads Spiked Treads > --- UTILITY (3) ------ Large Storage Unit Improved Terrain Scanner Makeshift Terrain Scan Processor > --- WEAPON (2) ------- Subdweller Laser Battle Rifle > --- INVENTORY (15) --- Improved Heat Sink High-capacity Storage Unit Huge Storage Unit Humpback Structural Scanner Sensor Array Makeshift Light Armor Plating Makeshift System Shield Makeshift System Shield Cobbler Unit Subdweller Beam Cannon Mining Laser Multitool Peak State ------------ > --- POWER ------------ Light Angular Momentum Engine > --- PROPULSION ------- Spiked Treads Spiked Treads > --- UTILITY ---------- Large Storage Unit Improved Terrain Scanner Makeshift Terrain Scan Processor > --- WEAPON ----------- Particle Gun Beamcaster > --- INVENTORY -------- Improved Heat Sink Improved Heat Sink Improved Heat Sink High-capacity Storage Unit Huge Storage Unit Structural Scanner Sensor Array Core Shielding Light Armor Plating Makeshift Light Armor Plating Makeshift System Shield Cobbler Unit Mining Laser Multitool [Rating: 27] Favorites ----------- Power Ion Engine Engine Ion Engine Power Core Light Nuclear Core Propulsion Light Treads Treads Light Treads Utility Large Storage Unit Device Structural Scanner Storage Large Storage Unit Processor Makeshift Terrain Scan Processor Weapon Assault Rifle Energy Gun Particle Gun Ballistic Gun Assault Rifle Special Weapon Mining Laser Build | -11 -10 -10 -10 ------- Run | Yrd Mat Min Sub Slots Evolved 1 | . 1 . . Power . | . . . . Propulsion . | . . . . Utility 1 | . 1 . . Weapon . | . . . . Parts Attached 24 | 7 2 1 14 Power 4 | 1 . . 3 Engine 2 | 1 . . 1 Core 2 | . . . 2 Reactor . | . . . . Propulsion 5 | 2 . . 3 Treads 5 | 2 . . 3 Leg . | . . . . Wheel . | . . . . Hover . | . . . . Flight . | . . . . Utility 6 | 2 2 . 2 Device 3 | 1 1 . 1 Storage 2 | 1 1 . . Processor 1 | . . . 1 Hackware . | . . . . Protection . | . . . . Artifact . | . . . . Weapon 9 | 2 . 1 6 Energy Gun 4 | . . 1 3 Energy Cannon . | . . . . Ballistic Gun 4 | 2 . . 2 Ballistic Cannon . | . . . . Launcher . | . . . . Special Weapon 1 | . . . 1 Impact Weapon . | . . . . Slashing Weapon . | . . . . Piercing Weapon . | . . . . Special Melee Weapon . | . . . . Unidentified Prototypes . | . . . . Parts Lost 2 | . . . 2 Power . | . . . . Propulsion . | . . . . Utility . | . . . . Weapon 2 | . . . 2 Highest Loss Streak 1 | . . . 1 To Critical Strikes 1 | . . . 1 Average Backups 12 | 3 7 14 13 Power 1 | . . 2 . Propulsion . | . . . . Utility 9 | 2 6 8 10 Weapon 1 | . 1 1 1 Tool/Special . | . . . . Unused Backups 16 | . 1 . 15 Power . | . . . . Propulsion . | . . . . Utility 13 | . . . 13 Weapon 2 | . 1 . 1 Tool/Special 1 | . . . 1 Average Slot Usage (%) 96 | . 91 100 97 Engine 9 | . 12 12 7 Core 2 | . . . 4 Treads 24 | . 24 25 25 Device 19 | . 17 25 18 Storage 12 | . 12 12 12 Processor 3 | . . . 6 Energy Gun 9 | . . 8 13 Ballistic Gun 12 | . 24 15 6 Special Weapon 1 | . . . 2 Peak Build Rating 27 | 7 9 12 27 Average Rating 15 | 5 8 11 20 On Entrance 7 | . 7 9 12 Avg Prop Armor Cover (%) . | . . . . Naked Turns . | . . . . Heaviest Build 39 | 19 30 32 39 Greatest Support 40 | 40 40 40 40 Greatest Overweight (x) 1 | . 1 . . Average Overweight (x) . | . . . . Largest Inventory Capacity 15 | 10 15 15 15 Average Capacity 14 | 8 14 15 15 Most Carried 15 | 5 10 15 15 Average Carried 12 | 3 7 14 14 Final Capacity 15 | 10 15 15 15 Final Carried 15 | 4 10 15 15 Class Distribution -------------------- 89% | Hacker-Mutant 8% | Derelict-Mutant Dominant Class ---------------- Hacker-Mutant | -10/Materials Hacker-Mutant | -10/Mines Hacker-Mutant | -10/Subcaves Resources | -11 -10 -10 -10 ----------- Run | Yrd Mat Min Sub Matter Collected 828 | 261 249 82 236 Remotely . | . . . . Salvage Created 1412 | 64 341 224 783 Parts 85 | 8 18 12 47 Haulers Intercepted 1 | . 1 . . Recyclers Shooed 1 | 1 . . . Parts Field Recycled . | . . . . Retrieved Matter . | . . . . Parts Self-Destructed . | . . . . Prevented . | . . . . Parts Restored . | . . . . Kills | -11 -10 -10 -10 ------- Run | Yrd Mat Min Sub Combat Hostiles Destroyed 30 | . 7 5 18 Guns 29 | . 7 5 17 Cannons 1 | . . . 1 Classes Destroyed 9 | 1 5 . 3 Tunneler 4 | 3 . 1 . Hauler 1 | . 1 . . Turret 2 | . . . 2 Watcher 1 | . 1 . . Swarmer 7 | . 2 1 4 Grunt 8 | . 4 4 . Artisan 1 | . . . 1 Subdweller 15 | . 1 . 14 Zionite 2 | . . . 2 Best Kill Streak 4 | 2 2 3 4 Combat Bots Only 4 | . 2 2 4 Max Kills in Single Turn 1 | 1 1 1 1 Gunslinging . | . . . . Exploded . | . . . . Melee . | . . . . Uniques/NPCs Destroyed . | . . . . Combat | -11 -10 -10 -10 -------- Run | Yrd Mat Min Sub Hostile Shots Fired 141 | . 42 19 80 Missed 38 | . 13 5 20 Hits 103 | . 29 14 60 Projectile 103 | . 29 14 60 AOE 2 | . . . 2 Critical Strikes 3 | . 1 1 1 Damage Taken 1158 | . 240 119 799 Core 255 | . 52 17 186 Absorbed by Shields . | . . . . Ignored by Resistances 658 | . 150 76 432 Core Remaining (%) 100 | 100 . . . Volleys Fired 166 | 11 39 18 98 Largest 2 | 2 2 2 2 Hottest 165 | 40 40 40 165 Shots Fired 312 | 22 78 36 176 Gun 308 | 22 78 36 172 Cannon . | . . . . Launcher . | . . . . Special 4 | . . . 4 Kinetic 181 | 22 78 36 45 Thermal 131 | . . . 131 Explosive . | . . . . Electromagnetic . | . . . . Robot Hit Streak 37 | 7 29 13 37 Robot Miss Streak 2 | 2 2 1 1 Penetration Max . | . . . . Secondary Targets 4 | . 1 . 3 Max Gunslinging Chain 1 | . 1 . 1 Shots Hit Robots 209 | 16 64 33 96 Core Hits 74 | 5 20 12 37 Critical Kills 2 | . . 1 1 Critical Parts Destroyed . | . . . . Critical Strikes 6 | . . 1 5 Burn 3 | . . . 3 Destroy 3 | . . 1 2 Melee Attacks . | . . . . Impact . | . . . . Slashing . | . . . . Piercing . | . . . . Sneak Attacks . | . . . . Combat Hostiles . | . . . . Follow-up Attacks . | . . . . Damage Inflicted 2910 | 170 678 337 1725 Guns 2886 | 170 678 337 1701 Cannons . | . . . . Explosions . | . . . . Melee . | . . . . Ramming . | . . . . Kinetic 1485 | 170 678 337 300 Thermal 1425 | . . . 1425 Explosive . | . . . . Electromagnetic . | . . . . Impact . | . . . . Slashing . | . . . . Piercing . | . . . . Highest Corruption . | . . . . Average Corruption . | . . . . Corruption Purged . | . . . . Corruption Blocked . | . . . . Overload Shots . | . . . . Overflow Damage . | . . . . Projectiles . | . . . . Explosions . | . . . . Melee . | . . . . Knockbacks . | . . . . Impact . | . . . . Kinetic . | . . . . Secondary . | . . . . Self-Inflicted Damage . | . . . . Shots . | . . . . Rammed . | . . . . Targets Rammed . | . . . . Kicked . | . . . . Crushed . | . . . . Highest Temperature 157 | . 16 27 157 Average Temperature 28 | . 9 9 32 Received Heat Transfer 495 | . 153 123 219 Siege Activations . | . . . . Martial Activations . | . . . . Shielding Activations . | . . . . Robots Disrupted . | . . . . Combat Hostiles . | . . . . Robots Corrupted . | . . . . Combat Hostiles . | . . . . Parts Fried . | . . . . Impact Corruptions . | . . . . Robots Melted . | . . . . Combat Hostiles . | . . . . Parts Melted 5 | . . . 5 Heat Transferred 2793 | . . . 2793 Parts Sabotaged . | . . . . Parts Stolen . | . . . . Parts Stripped . | . . . . Power Chain Reactions . | . . . . Alert | -11 -10 -10 -10 ------- Run | Yrd Mat Min Sub Maximum Alert Level . | . . . . Low Security (%) 100 | 100 100 100 . Level 1 . | . . . . Level 2 . | . . . . Level 3 . | . . . . Level 4 . | . . . . Level 5 . | . . . . High Security . | . . . . Max Security . | . . . . Peak Influence 50 | 10 35 50 . Initial . | . . . . Average 3 | 1 3 3 . Influence Increases 580 | 15 170 125 270 Destroy 0b10 Robot/C 340 | . 120 100 120 Destroy 0b10 Robot/NC 30 | 15 10 5 . Destroy Leader 54 | . 34 20 . Successful Hack 6 | . 6 . . Lose Combat Pursuer 150 | . . . 150 Influence Decreases 580 | 15 170 125 270 Time Decay 570 | 15 170 125 260 Lost Part 10 | . . . 10 Squads Dispatched . | . . . . Investigation . | . . . . Extermination . | . . . . Reinforcement . | . . . . Assault . | . . . . Garrison . | . . . . Intercept . | . . . . Searches Triggered . | . . . . Construction Impeded . | . . . . Haulers Reinforced . | . . . . Active Scanning Responses . | . . . . Cargo Convoy Interrupts . | . . . . Stealth | -11 -10 -10 -10 --------- Run | Yrd Mat Min Sub Distress Signals 1 | . 1 . . Communications Jammed . | . . . . Distress Signals . | . . . . Times Spotted 42 | . 10 5 27 Peak Tracking Total 6 | . 3 2 6 Tactical Retreats 3 | . . . 3 Traps | -11 -10 -10 -10 ------- Run | Yrd Mat Min Sub Traps Triggered 5 | . 3 . 2 Indirectly . | . . . . Trap Hack Attempts . | . . . . Triggered . | . . . . Disarmed . | . . . . Reprogrammed . | . . . . Reused . | . . . . Traps Extracted . | . . . . Installed . | . . . . Triggered . | . . . . Machines | -11 -10 -10 -10 ---------- Run | Yrd Mat Min Sub Machines Disabled 2 | . . . 2 Max in Single Turn 1 | . . . 1 Machines Repaired . | . . . . Machines Dismantled . | . . . . Machines Sabotaged . | . . . . Overloaded Fab Kills . | . . . . Hacking | -11 -10 -10 -10 --------- Run | Yrd Mat Min Sub Machines Accessed 7 | . 5 . 2 Terminals 3 | . 3 . . Fabricators . | . . . . Repair Stations . | . . . . Recycling Units 2 | . 2 . . Scanalyzers . | . . . . Garrison Access . | . . . . Total Hacks 14 | . 10 . 4 Successful 11 | . 7 . 4 Failed 3 | . 3 . . Catastrophic . | . . . . Database Lockouts . | . . . . Manual 10 | . 10 . . Terminals 6 | . 6 . . Fabricators . | . . . . Repair Stations . | . . . . Recycling Units 4 | . 4 . . Scanalyzers . | . . . . Garrison Access . | . . . . Terminal Hacks 4 | . . . 4 Record 3 | . . . 3 Proto ID Catalog 1 | . . . 1 Fabricator Hacks . | . . . . Repair Station Hacks . | . . . . Recycling Unit Hacks 2 | . 2 . . Retrieve Components 2 | . 2 . . Scanalyzer . | . . . . Garrison Access Hacks . | . . . . Unauthorized Hacks 4 | . 4 . . Terminals 3 | . 3 . . Botnet 3 | . 3 . . Fabricators . | . . . . Repair Stations . | . . . . Recycling Units 1 | . 1 . . Reject 1 | . 1 . . Scanalyzers . | . . . . Garrison Access . | . . . . Data Cores Recovered . | . . . . Used . | . . . . Hacking Detections 3 | . 3 . . Full Trace Events . | . . . . Feedback Events . | . . . . Feedback Blocked . | . . . . Robot Schematics Acquired . | . . . . Robots Built . | . . . . Authchips . | . . . . Time . | . . . . Total Robot Build Rating . | . . . . Part Schematics Acquired . | . . . . Parts Built . | . . . . Authchips . | . . . . Time . | . . . . Total Part Build Rating . | . . . . Part Studies Acquired . | . . . . Parts Repaired . | . . . . Time . | . . . . Parts Recycled . | . . . . Recycled Matter . | . . . . Retrieved Matter . | . . . . Retrieved Components 4 | . 4 . . Parts Scanalyzed . | . . . . Part Schematics Acquired . | . . . . Parts Damaged . | . . . . Bothacking | -11 -10 -10 -10 ------------ Run | Yrd Mat Min Sub Used RIF Installer . | . . . . Robots Hacked . | . . . . Non-combat . | . . . . Combat . | . . . . Robot Hacks Applied . | . . . . Relay Couplers Released . | . . . . Fabnet Peak Effective % . | . . . . Robots Rewired . | . . . . Allies Hacked . | . . . . Hacks Repelled . | . . . . Allies | -11 -10 -10 -10 -------- Run | Yrd Mat Min Sub Total Allies 3 | . . 3 . Largest Group 3 | . . 3 3 Highest-Rated Group 40 | . . 40 40 Highest-Rated Ally 16 | . . 16 16 Total Orders . | . . . . Ally Attacks 18 | . . . 18 Total Damage 175 | . . . 175 Kills . | . . . . Allies Corrupted . | . . . . Allies Melted . | . . . . Intel | -11 -10 -10 -10 ------- Run | Yrd Mat Min Sub Active Infowar (turns) 5309 | 87 1046 1217 2959 Sensors 3025 | . 424 1217 1384 Terrain 1577 | . . . 1577 Structural 3732 | 87 1046 1217 1382 Robot Analysis Total . | . . . . Derelict Logs Recovered 2 | . . . 2 Drone Launches . | . . . . Drone Recoveries . | . . . . Exploration | -11 -10 -10 -10 ------------- Run | Yrd Mat Min Sub Turns Passed 5339 | 117 1046 1217 2959 Spaces Moved 2758 | 60 520 624 1554 Core 27 | 27 . . . Treads 2731 | 33 520 624 1554 Legs . | . . . . Wheels . | . . . . Hover . | . . . . Flight . | . . . . Fastest Speed 50 | 50 160 160 160 Average Speed 159 | 110 161 160 160 Slowest Speed 240 | 160 240 160 160 Overloaded Moves . | . . . . Propulsion Burnouts . | . . . . Robots Hopped . | . . . . Potential Cave-ins . | . . . . Cave-ins Triggered . | . . . . Exploration Rate (%) 68 | 5 91 93 85 Regions Visited 3 Branch Regions 2 Pre-discovered Areas 2 | . . . 2 Known Exits Taken 3 | 1 1 1 . Unknown Exits Taken . | . . . . Scrap Searched 7 | . . . 7 Spaces Dug . | . . . . Terrain Destroyed . | . . . . Melee . | . . . . Projectile . | . . . . AOE . | . . . . Terrain Rammed . | . . . . Walls Destroyed . | . . . . Machines Disabled . | . . . . Actions | -11 -10 -10 -10 --------- Run | Yrd Mat Min Sub Total 3410 | 89 659 810 1852 Wait 408 | 5 85 163 155 Move 2755 | 59 519 623 1554 Hop . | . . . . Pick Up 33 | 7 10 5 11 Fast Attach 5 | 4 . . 1 Attach 9 | 3 4 . 2 Detach 2 | . 1 . 1 Swap 14 | . . 1 13 Drop 18 | . 1 . 17 Fire 166 | 11 39 18 98 Melee . | . . . . Ram . | . . . . Kick . | . . . . Crush . | . . . . Escape Stasis . | . . . . Rewire . | . . . . Trap . | . . . . Miscellaneous . | . . . . Route ------- -11/Scrapyard -10/Materials (discovered 4 exits: *Mat x2 / *Min x2) -10/Mines (discovered 3 exits: *Mat x2 / *Sub) -10/Subcaves (discovered 2 exits: *Mat / *Rec) History --------- Turn | Location | Event 4 | -11/Scrapyard | Identified exit to Materials 4 | -11/Scrapyard | Discovered exit to Materials (range 16) 118 | -11/Scrapyard | Entered Materials 118 | -10/Materials | Evolved 1 slot: Utility x1 314 | -10/Materials | Build established: Hacker-Mutant 315 | -10/Materials | Identified exit to Mines 315 | -10/Materials | Discovered exit to Mines (range 7) 506 | -10/Materials | Discovered exit to Mines (range 6) 618 | -10/Materials | Derelicts attacked the area 780 | -10/Materials | Identified exit to Materials 780 | -10/Materials | Discovered exit to Materials (range 5) 1007 | -10/Materials | Discovered exit to Materials (range 8) 1164 | -10/Materials | Entered Mines 1175 | -10/Mines | Met a Derelict bent on vengeance 1446 | -10/Mines | Identified exit to Subcaves 1446 | -10/Mines | Discovered exit to Subcaves (range 8) 1696 | -10/Mines | Assisted by bots powering up and referring to "LRC-V3" 1825 | -10/Mines | Discovered exit to Materials (range 6) 2024 | -10/Mines | Discovered exit to Materials (range 5) 2381 | -10/Mines | Entered Subcaves 2381 | -10/Subcaves | Accompanied by 3 allies 2382 | -10/Subcaves | Approached by a straggling Scientist 2388 | -10/Subcaves | Learned location of Storage (-7) 2537 | -10/Subcaves | A swath of the cavern ceiling suddenly collapsed 3283 | -10/Subcaves | A swath of the cavern ceiling suddenly collapsed 3500 | -10/Subcaves | Shifting Twisted Machinery released Sub. Beam Cannon 3640 | -10/Subcaves | Identified exit to Recycling 3640 | -10/Subcaves | Discovered exit to Recycling (range 13) 3644 | -10/Subcaves | Shifting Twisted Machinery released Mak. System Shield 3734 | -10/Subcaves | Learned location of Zion (-6) 3734 | -10/Subcaves | Met a Zionite searching for "candidates" 3736 | -10/Subcaves | Learned Materials terminal intel 3758 | -10/Subcaves | Shifting Twisted Machinery released Mak. System Shield 3776 | -10/Subcaves | Shifting Twisted Machinery released Riot Gun 3879 | -10/Subcaves | Core integrity fell below 50% 4114 | -10/Subcaves | Identified exit to Materials 4114 | -10/Subcaves | Discovered exit to Materials (range 9) 4371 | -10/Subcaves | Visited 4L-MR0's lab 4462 | -10/Subcaves | Visited Clippyterm 4806 | -10/Subcaves | Build established: Derelict-Mutant 5254 | -10/Subcaves | Build established: Hacker-Mutant 5323 | -10/Subcaves | Core integrity fell below 20% 5340 | -10/Subcaves | Destroyed by Piercing Trap Last Messages --------------- 04948_ Dropped Sub. Laser. 04962_ Dropped Sub. Machine Gun. 04967_ Acquired 20 matter. 04990_ JA-HPI(R): "SUBHATE!" 05048_ BE-BAC(R): "SUBHATE!" 05075_ BE-BAC(R) destroyed. 05078_ Acquired 15 matter. 05081_ Dropped Imp. Heat Sink. 05082_ Acquired Humpback. 05185_ PI-WYT(R) suffers critical hit (Destroy). 05185_ PI-WYT(R) destroyed. 05189_ Acquired 21 matter. 05197_ E6-07F(R) destroyed. 05213_ JA-HPI(R) destroyed. 05322_ Triggered Piercing Trap. 05322_ Spikes shoot up from the floor. 05322_ Critical hit (Impale). 05340_ Triggered Piercing Trap. 05340_ Spikes shoot up from the floor. 05340_ Critical hit (Impale). Map ----- +----------------------------------------------------+ | ### #### # ### ## ### #####"""" ## | | ## # #! #### ### "#""##""" ### | | # ## #### #### """ """ #### | | # # # ## #### ##### " " ####? | | ## ##### ##### ## ########"" ########?? | | ## ##### ####### ###?##############??? | | ## ##### ####### ##????#######???????? | | ## ###### ### ##??????????????????? | | ### ##### ### ##??????????????????? | | ## [ ##########??????????????????? | | ### "" ##########??????????????????? | | ## # ""##= * ## ##???????????????????? | | ##### "###=" ###???????????????????? | | ###### ####""""""""" ###?#??????????????????? | | ?## ## ##### ""##"### ####???????????????????? | | ?## ###### "####### ###???#???????????????? | | ?## ####### "####### ###??????????????????? | | ?### ### # ####### ####?##?#????????????? | | ?#### ### [% ### ####????#?????????????? | | ########## ""= ####??#??#?????????????? | | ########## ###""% #######?#?###????????????? | | ## ###?## ######"" #####?####?####???????##### | | ## ##?## ########"####?##?#######??#????###### | | # ###?## ""####?#######???##?###??##???#?#### ## | | # ##??### "###########"############??##?#### # | | # ###??### "############@"###?####??#????### | | ## #########""#""#####??# #"####?#####??#### | | ## ######## ##"""####### ############?#??## | | ## ### ## """#"## "##; ###########?###?### | | ## ## # ####" #"##"##############?###### | | ### ## "#######"#""^#"####?######??#### | | #### ########"##"##?""?##?##?####?### | | ?#### ###?##"##"##"## ####?######??### # | | ??#### #"""##"""##### ############?### # | | ???### ### #"#""##"""# ""############### | | ?##### #### ###"##"#"# ""## ########## | | ##### ##### ######### # "## #### #### | | ### ############## ## ### " "### ######## | | ## ###### #?### ### ### "" ### ######### | | ### ###### ##### "###### ""## #######??? | | ###### ### #### ##"## ""### "#####?##??? | | ?##### ##### ## """#### ""########? | | #### #### % #"# # # "# # ""##?##### | | ### ### ""##### "" "###?#?#? | | ## ## ""###### #" "" "######?# | | # ### #### ######"""###""&! "#?##??## | | # #### ###### #####"""""" ""%& "###?#### | | # #### ######## * ## " " ]]* "##?##?## | | # ### ########!% "" % & ""##??#### | | # ### ##### != ########## | +----------------------------------------------------+ Best States ------------- Heat Dissipation 25 Energy Generation 18 Energy Capacity 250 Matter Stores 300 Matter Capacity 300 Sight Range 16 Robot Scan Range 14 Terrain Scan Range 16 Terrain Scan Density 135 Resistance: KI 35 Resistance: TH 35 Resistance: EX 35 Resistance: EM 35 Resistance: I 35 Resistance: S 35 Resistance: P 35 Evasion (%) 50 Recoil Reduction 2 Offensive Hacking 20 Item Schematics ----------------- None Robot Schematics ------------------ None Fabricated ------------ Nothing Repaired ---------- Nothing Studied --------- None Alien Tech Used ----------------- None Achievements -------------- None Challenges ------------ None Game ------ Seed ServoLauncherCutter Manual? 0 Play Time 00:23:14 Cumulative 289.4 hours Start 2026.01.19 @ 09:45:00 End 2026.01.19 @ 10:21:15 Sessions 1 Manual Loads 0 Difficulty Explorer Special Mode None Game No. 449 Rogue 0 Adventurer 0 Explorer 449 Win Type - Total 0 Types 0/0/0/0/0/0/0/0/0/0 Lore% 75 Gallery% 70 Achievement% 55 Wizard Run 0 Options --------- Layout 1 ASCII 0 Keyboard 0 Movement Mouse Keybinds 1 Fullscreen 1 Font 24/Smallcaps Map View 50x35 Zoom Use 0% Tactical HUD 1 Map Filters NONE Filters NONE Steam 1 RUN: 178fba21-f682-4296-ac21-9f842335e55f